 Dungeon Crawl Stone Soup version 0.23.0 (webtiles) character file.

Game seed: 1446643096087196664

343 sighowe the Sneak (level 6, -3/58 HPs)
             Began as an Octopode Enchanter on Feb 11, 2019.
             Was a Follower of Nemelex Xobeh.
             Slain by an ogre
             ... wielding a cursed -1 giant club
              (9 damage)
             ... on level 5 of the Dungeon.
             The game lasted 00:18:12 (4650 turns).

sighowe the Sneak (Octopode Enchanter)              Turns: 4650, Time: 00:18:13

Health: -3/58      AC: 23    Str:  9    XL:     6   Next: 57%
Magic:  11/11      EV:  2    Int: 18    God:    Nemelex Xobeh [*.....]
Gold:   174        SH:  0    Dex: 12    Spells: 2/11 levels left

rFire    . . .     SeeInvis +   l - +2 short sword (venom)
rCold    . . .     Gourm    .   (no shield)
rNeg     + + +     Faith    .   (helmet currently unavailable)
rPois    +         Spirit   .   (no amulet)
rElec    .         Reflect  .   t - ring of protection from magic
rCorr    .         Harm     .   (no ring)
MR       +....     NoTele   +   (no ring)
Stlth    +.........             (no ring)
HPRegen  0.19/turn              (no ring)
MPRegen  0.12/turn              (no ring)
                                (no ring)
                                (no ring)

@: confused, tree-form
A: almost no armour, stealthy swim, (amphibious), 8 rings, (constrict 8), see
invisible
a: Draw Escape, Draw Destruction, Draw Summoning, Renounce Religion


You were on level 5 of the Dungeon.
You worshipped Nemelex Xobeh.
Nemelex Xobeh was aware of your devotion.
You were not hungry.
You were a tree.
You visited 2 branches of the dungeon, and saw 6 of its levels.

You collected 174 gold pieces.

Inventory:

Hand Weapons
 l - a +2 short sword of venom (weapon)
 m - a +1 flail of crushing
Magical Staves
 q - an uncursed staff of air
Jewellery
 t - a ring of protection from magic (left branch)
Scrolls
 a - 2 scrolls of enchant armour
 b - 2 scrolls of remove curse
 f - 3 scrolls of magic mapping
 h - a scroll of fog
 i - a scroll of identify
 j - a scroll of teleportation
 k - a scroll of fear
Potions
 e - 2 potions of haste
 n - a potion of resistance
 p - a potion of magic {unknown}
 r - a potion of berserk rage {unknown}
 s - a potion of heal wounds {unknown}
Comestibles
 c - 3 rations


   Skills:
 * Level 2.2 Fighting
 + Level 2.2 Short Blades
 + Level 2.9 Dodging
 * Level 5.9 Stealth
 * Level 3.4 Spellcasting
 + Level 3.8 Hexes


You had 2 spell levels left.
You knew the following spells:

 Your Spells              Type           Power        Failure   Level  Hunger
a - Corona                Hex            ###....      3%          1    None
b - Ensorcelled Hibernat  Hex/Ice        ##....       11%         2    ##.....
c - Confuse               Hex            ###.....     10%         3    ###....
d - Tukima's Dance        Hex            ###.....     10%         3    ###....

Your spell library contained the following spells:

 Spells                   Type           Power        Failure   Level  Hunger
 Dazzling Spray           Conj/Hex       ##....       22%         3    ###....


Dungeon Overview and Level Annotations

Branches:
Dungeon (5/15)             Temple (1/1) D:4

Altars:
Ashenzari
Cheibriados
Dithmenos
Elyvilon
Nemelex Xobeh
Okawaru
Qazlal
Ru
Sif Muna
Trog
Uskayaw
Vehumet
Wu Jian
Xom
Zin
The Shining One
Lugonu

Annotations:
D:4 2 transporters, rgaf's ghost, weakling MfTm


Innate Abilities, Weirdness & Mutations

You cannot wear most types of armour.
You are very stealthy in the water. (Stealth+)
((You are amphibious.))
You can wear up to eight rings at the same time.
((You can use your tentacles to constrict eight enemies at once.))
((Your skin changes colour to match your surroundings (Stealth+).))
((Your rubbery body absorbs attacks. (AC +1, EV +1)))
((You are partially covered in iridescent scales. (AC +2)))
You have supernaturally acute eyesight. (SInv)


Message History

The ogre barely misses you. The gnoll hits you with a +0 whip!
* * * LOW HITPOINT WARNING * * *
Okay, then.
Okay, then.
You feel better.
You constrict the gnoll. The gnoll misses you. The gnoll completely misses you.
It was a potion of ambrosia.
You are confused.
You feel invigorated.
You constrict the gnoll.
The ogre hits you with a cursed -1 giant club!
* * * LOW HITPOINT WARNING * * *
The gnoll misses you. The gnoll hits you with a +0 whip!
* * * LOW HITPOINT WARNING * * *
Okay, then.
It was a potion of lignification.
You turn into a tree.
Your roots penetrate the ground.
You lose your grip on the gnoll.
The gnoll completely misses you.
The ogre hits you with a cursed -1 giant club!
You die...
Your body disappears without a glow.

......#........
...............
....#.$........
..#.............
...#...○°°°.....
...#..°○gZ°°....
.......○Ogg.°....
........#♣# ..
........#### ... ....
.........†.#.... ....
.................
................#.....
..... ..#........#$.##
...... ###.....###.Z#
......###.#...........
.......#........##....


You could see an ogre, 3 gnolls and a bullfrog skeleton.

Vanquished Creatures
  A jelly (D:3)
  An iguana (D:4)
  5 worker ants
  3 gnolls
  3 adders
  4 oozes
  3 worms
  A dart slug (D:2)
  5 leopard geckos
  8 orcs
  7 bats
  5 giant cockroaches
  9 goblins
  8 hobgoblins
  4 jackals (D:2)
  A quokka (D:2)
  A ball python (D:3)
  5 frilled lizards
  A kobold (D:1)
  5 rats
80 creatures vanquished.

Notes
Turn   | Place    | Note
-------+----------+-------------------------------------------
     0 | D:1      | sighowe the Octopode Enchanter began the quest for the Orb.
     0 | D:1      | Reached XP level 1. HP: 11/11 MP: 3/3
   358 | D:1      | Reached XP level 2. HP: 17/17 MP: 3/5
   424 | D:1      | Found a shattered altar of Ashenzari.
   649 | D:1      | Learned a level 2 spell: Ensorcelled Hibernation
   670 | D:1      | Reached XP level 3. HP: 10/21 MP: 0/6
  1594 | D:2      | Reached skill level 1 in Fighting
  1594 | D:2      | Reached XP level 4. HP: 13/28 MP: 2/7
  2088 | D:2      | Gained mutation: You have supernaturally acute eyesight.
                  | (SInv) [potion of mutation]
  2088 | D:2      | Gained mutation: You tend to lose your temper in combat.
                  | [potion of mutation]
  2088 | D:2      | Lost mutation: You tend to lose your temper in combat.
                  | [potion of mutation]
  2139 | D:2      | Lost mutation: You have supernaturally acute eyesight.
                  | (SInv) [potion of mutation]
  2139 | D:2      | Gained mutation: You are partially covered in iridescent
                  | scales. (AC +2) [potion of mutation]
  2139 | D:2      | Gained mutation: You have supernaturally acute eyesight.
                  | (SInv) [potion of mutation]
  2311 | D:3      | Reached skill level 5 in Stealth
  2311 | D:3      | Reached XP level 5. HP: 20/33 MP: 2/9
  2412 | D:3      | Found a stormy altar of Qazlal.
  2453 | D:3      | Found a sparkling altar of Nemelex Xobeh.
  2467 | D:3      | Became a worshipper of Nemelex Xobeh the Trickster
  2471 | D:3      | Received a gift from Nemelex Xobeh
  2766 | D:3      | Found a white marble altar of Elyvilon.
  2851 | D:3      | Found a shadowy altar of Dithmenos.
  3532 | D:4      | Found a transporter.
  3532 | D:4      | Noticed rgaf's ghost (weakling MfTm)
  3602 | D:4      | Found a transporter.
  3644 | D:4      | Reached XP level 6. HP: 39/39 MP: 10/10
  3720 | D:4      | Learned a level 3 spell: Confuse
  3724 | D:4      | Learned a level 3 spell: Tukima's Dance
  3881 | D:4      | Found a shimmering altar of Xom.
  3882 | D:4      | Found a shimmering altar of Xom.
  3882 | D:4      | Found a shimmering altar of Xom.
  3882 | D:4      | Found a shimmering altar of Xom.
  3882 | D:4      | Found a shimmering altar of Xom.
  3914 | D:4      | Found a staircase to the Ecumenical Temple.
  3921 | Temple   | Entered the Ecumenical Temple
  4082 | D:4      | Found a bloodstained altar of Trog.
  4082 | D:4      | Found an iron altar of Okawaru.
  4293 | D:4      | Reached * piety under Nemelex Xobeh
  4622 | D:5      | Entered Level 5 of the Dungeon
  4649 | D:5      | HP: 1/39 [gnoll/+0 whip (9)]
  4650 | D:5      | Slain by an ogre

Skill      XL: |  1  2  3  4  5  6 |
---------------+-------------------+-----
Fighting       | 1 2 |  2.2
Stealth        | 5 |  5.9
Spellcasting   | 3 |  3.4
Short Blades   | 2 |  2.2
Dodging        | |  2.9
Hexes          | |  3.8

Action                   |  1- 3 |  4- 6 || total
-------------------------+-------+-------++-------
Melee: Dagger            |    84 |    85 ||   169
       Constrict         |    17 |    24 ||    41
       Tentacles         |    10 |    14 ||    24
       Short sword       |       |    25 ||    25
 Cast: Corona            |    17 |     6 ||    23
       Ensorcelled Hiber |     6 |    11 ||    17
 Abil: Draw Destruction  |       |     2 ||     2
       Draw Escape       |       |     3 ||     3
  Use: Scroll            |     4 |     6 ||    10
       Potion            |     1 |     8 ||     9
 Stab: Sleeping          |    10 |    23 ||    33
  Eat: Ration            |     1 |     2 ||     3
       Chunk             |       |     4 ||     4
Armor: Skin              |     9 |    11 ||    20
Dodge: Dodged            |    56 |    81 ||   137
